 Dungeon Crawl Stone Soup version 0.28.0-1-gb440e238dd (webtiles) character file.

Game seed: 7034813069537765322

113 Ablot the Grasshopper (level 4, -2/38 HPs)
             Began as a Gnoll Warper on Feb 19, 2022.
             Was an Initiate of Okawaru.
             Slain by an ice beast (5 damage)
             ... on level 4 of the Dungeon.
             The game lasted 00:05:25 (3430 turns).

Ablot the Grasshopper (Gnoll Warper)                Turns: 3430, Time: 00:05:27

Health: -2/38      AC: 10    Str: 12    XL:     4   Next: 96%
Magic:  11/11      EV: 10    Int: 12    God:    Okawaru [......]
Gold:   118        SH:  0    Dex: 12    Spells: 11/13 levels left

rFire   + . .      SeeInvis .   i - +1 whip (venom)
rCold   + . .      Faith    .   (no shield)
rNeg    + . .      Spirit   .   l - +3 scale mail "Mustiutz" {rN+ Stlth+}
rPois   .          Reflect  .   (no helmet)
rElec   .          Harm     .   (no cloak)
rCorr   .          Rampage  .   (no gloves)
Will    .....                   n - +0 pair of boots
Stlth   +.........              (no amulet)
HPRegen 0.12/turn               o - ring of protection from fire
MPRegen 0.12/turn               v - ring of protection from cold

@: no status effects
A: fangs 1, strong nose, distributed training
a: Renounce Religion


You were on level 4 of the Dungeon.
You worshipped Okawaru.
Okawaru was noncommittal.
You visited 2 branches of the dungeon, and saw 5 of its levels.

You collected 118 gold pieces.

Inventory:

Hand Weapons
 a - a +0 spear
 i - a +1 whip of venom (weapon)
Missiles
 d - 5 boomerangs of dispersal (quivered)
 e - 125 stones
 f - 35 arrows
 m - 18 bolts
 p - 4 poisoned darts
Armour
 b - a +0 leather armour
 l - the +3 scale mail "Mustiutz" (worn) {rN+ Stlth+}
   (You found it on level 2 of the Dungeon)

   rN:        It protects you from negative energy.
   Stlth:     It makes you more stealthy.
 n - a +0 pair of boots (worn)
Magical Staves
 g - a staff of death
Jewellery
 o - a ring of protection from fire (left hand)
 s - the ring of Souqurghea {Fly rCorr Str-2 Int+7 SInv}
   (You found it on level 3 of the Dungeon)

   [ring of flight]

   Str:       It affects your strength (-2).
   Int:       It affects your intelligence (+7).
   SInv:      It lets you see invisible.
   Fly:       It grants you flight.
   rCorr:     It protects you from acid and corrosion.
 v - a ring of protection from cold (right hand)
Scrolls
 c - a scroll of blinking
 j - a scroll of identify {unknown}
 k - a scroll of fear {unknown}
 r - a scroll of acquirement {unknown}
 t - a scroll of teleportation {unknown}
Potions
 h - a potion of degeneration {unknown}
 q - a potion of invisibility {unknown}
 u - a potion of lignification {unknown}


   Skills:
 + Level 4.7 Fighting
 + Level 1.3 Short Blades
 + Level 1.3 Long Blades
 + Level 1.3 Axes
 + Level 1.3 Maces & Flails
 + Level 4.7 Polearms
 + Level 1.3 Staves
 + Level 1.3 Slings
 + Level 1.3 Bows
 + Level 1.3 Crossbows
 + Level 2.8 Throwing
 + Level 2.8 Armour
 + Level 4.7 Dodging
 + Level 1.3 Stealth
 + Level 1.3 Shields
 + Level 1.3 Unarmed Combat
 + Level 5.1 Spellcasting
 + Level 1.0 Conjurations
 + Level 1.0 Hexes
 + Level 1.0 Summonings
 + Level 1.0 Necromancy
 + Level 5.5 Translocations
 + Level 1.0 Transmutations
 + Level 1.0 Fire Magic
 + Level 1.0 Ice Magic
 + Level 1.0 Air Magic
 + Level 1.0 Earth Magic
 + Level 1.0 Poison Magic
 + Level 1.4 Invocations
 + Level 1.3 Evocations


You had 11 spell levels left.
You knew the following spells:

 Your Spells              Type           Power      Damage    Failure   Level
a - Blink                 Tloc           32%        N/A       16%         2

Your spell library contained the following spells:

 Spells                   Type           Power      Damage    Failure   Level
 Gell's Gravitas          Tloc           16%        N/A       30%         3
 Lesser Beckoning         Tloc           16%        N/A       30%         3
 Teleport Other           Tloc           16%        N/A       30%         3
 Shock                    Conj/Air       20%        1d4       54%         1
 Swiftness                Air            5%         N/A       88%         3
 Manifold Assault         Tloc           16%        N/A       96%         5
 Airstrike                Air            2%         N/A       99%         4


Dungeon Overview and Level Annotations

Branches:
Dungeon (4/15)             Temple (1/1) D:4

Altars:
Ashenzari
Cheibriados
Dithmenos
Elyvilon
Fedhas
Makhleb
Nemelex Xobeh
Okawaru
Ru
Sif Muna
Trog
Uskayaw
Vehumet
Wu Jian
Xom
Yredelemnul
Zin
The Shining One

Shops:
D:1 (!   D:2 =


Innate Abilities, Weirdness & Mutations

You have very sharp teeth.
Your uncanny sense of smell can sniff out nearby items.
Your experience applies equally to all skills.


Message History

You hit the ice beast but do no damage.
The ice beast is moderately wounded.
The ice beast closely misses you.
You hit the ice beast.
The ice beast is heavily wounded.
The ice beast closely misses you.
You closely miss the ice beast. Your punch misses the ice beast.
Your bite misses the ice beast.
The ice beast is heavily wounded.
The ice beast hits you but does no damage.
You hit the ice beast but do no damage.
The ice beast is heavily wounded.
The ice beast misses you.
You barely miss the ice beast.
The ice beast is heavily wounded.
The ice beast closely misses you.
You hit the ice beast.
The ice beast is severely wounded.
The ice beast misses you.
You closely miss the ice beast.
The ice beast is severely wounded.
The ice beast closely misses you.
You barely miss the ice beast.
The ice beast is severely wounded.
The ice beast hits you.
* * * LOW HITPOINT WARNING * * *
The ice beast freezes you. You resist.
* * * LOW HITPOINT WARNING * * *
Unknown command.
You hit the ice beast.
The ice beast is almost dead.
The ice beast hits you but does no damage.
Unknown command.
You barely miss the ice beast.
You bite the ice beast, but do no damage.
The ice beast is almost dead.
The ice beast hits you.
* * * LOW HITPOINT WARNING * * *
The ice beast freezes you. You resist.
You die...

..... #..... ###
#.....##.###
........<..#
...........#
.>....##...## #
..Y...##.##.#.##.
....# #..Y#......
.....###.@.....#
.....[..)>....##
..####.#.........
#.>##........ ...
.#....... ... #
..##... ... ..#
... ..# .. ...


You could see an ice beast (poisoned).

Vanquished Creatures
  3 adders
  2 worms
  4 dart slugs
  6 endoplasms
  6 giant cockroaches
  6 goblins
  3 hobgoblins
  A quokka (D:1)
  10 ball pythons
  7 bats
  8 frilled lizards
  10 kobolds
  6 rats
72 creatures vanquished.

Notes
Turn   | Place    | Note
-------+----------+-------------------------------------------
     0 | D:1      | Ablot the Gnoll Warper began the quest for the Orb.
     0 | D:1      | Reached XP level 1. HP: 20/20 MP: 6/6
   375 | D:1      | Reached XP level 2. HP: 26/26 MP: 7/7
   379 | D:1      | Learned a level 2 spell: Blink
   385 | D:1      | Found Avankyi's Distillery.
   768 | D:1      | Found Fostalla's Antique Weapon Shoppe.
   819 | D:1      | Reached XP level 3. HP: 31/31 MP: 9/9
   831 | D:1      | Reached skill level 5 in Spellcasting
  1289 | D:2      | Reached skill level 1 in Invocations
  1583 | D:2      | Found Saqyd's Jewellery Boutique.
  1593 | D:2      | Reached skill level 1 in Short Blades
  1593 | D:2      | Reached skill level 1 in Long Blades
  1593 | D:2      | Reached skill level 1 in Axes
  1593 | D:2      | Reached skill level 1 in Maces & Flails
  1593 | D:2      | Reached skill level 1 in Staves
  1593 | D:2      | Reached skill level 1 in Slings
  1593 | D:2      | Reached skill level 1 in Bows
  1593 | D:2      | Reached skill level 1 in Crossbows
  1593 | D:2      | Reached skill level 1 in Stealth
  1593 | D:2      | Reached skill level 1 in Shields
  1593 | D:2      | Reached skill level 1 in Unarmed Combat
  1593 | D:2      | Reached skill level 1 in Evocations
  1772 | D:2      | Reached XP level 4. HP: 38/38 MP: 11/11
  1821 | D:2      | Identified the +3 scale mail "Mustiutz" {rN+ Stlth+}
  2084 | D:2      | Found a basalt altar of Yredelemnul.
  2345 | D:2      | Found a faded altar of an unknown god.
  2667 | D:3      | Reached skill level 1 in Conjurations
  2667 | D:3      | Reached skill level 1 in Hexes
  2667 | D:3      | Reached skill level 1 in Summonings
  2667 | D:3      | Reached skill level 1 in Necromancy
  2667 | D:3      | Reached skill level 1 in Transmutations
  2667 | D:3      | Reached skill level 1 in Fire Magic
  2667 | D:3      | Reached skill level 1 in Ice Magic
  2667 | D:3      | Reached skill level 1 in Air Magic
  2667 | D:3      | Reached skill level 1 in Earth Magic
  2667 | D:3      | Reached skill level 1 in Poison Magic
  2775 | D:3      | Identified the ring of Souqurghea {Fly rCorr Str-2 Int+7
                  | SInv}
  3107 | D:4      | Found a staircase to the Ecumenical Temple.
  3108 | D:4      | Noticed an ice beast
  3116 | Temple   | Entered the Ecumenical Temple
  3376 | Temple   | Became a worshipper of Warmaster Okawaru
  3430 | D:4      | Slain by an ice beast

Illustrated notes

Levels and vault maps discovered:
D:1:      lemuel_arrival_muddy, layout_rooms, serial_shops, shop, shop,
          minmay_quantized
D:2:      layout_basic, serial_shops, shop, basic_altar,
          hellmonk_ecumenical_altar_run_dry
D:3:      layout_rooms
D:4:      layout_cave_pools, gammafunk_ghost_abyssal_escape
Temple:   dpeg_five_rooms_temple

Skill      XL: |  1  2  3  4 |
---------------+-------------+-----
Spellcasting   | 5 |  5.1
Invocations    | 1 |  1.4
Short Blades   | 1 |  1.3
Long Blades    | 1 |  1.3
Axes           | 1 |  1.3
Maces & Flails | 1 |  1.3
Staves         | 1 |  1.3
Slings         | 1 |  1.3
Bows           | 1 |  1.3
Crossbows      | 1 |  1.3
Stealth        | 1 |  1.3
Shields        | 1 |  1.3
Unarmed Combat | 1 |  1.3
Evocations     | 1 |  1.3
Conjurations   | 1 |  1.0
Hexes          | 1 |  1.0
Summonings     | 1 |  1.0
Necromancy     | 1 |  1.0
Transmutations | 1 |  1.0
Fire Magic     | 1 |  1.0
Ice Magic      | 1 |  1.0
Air Magic      | 1 |  1.0
Earth Magic    | 1 |  1.0
Poison Magic   | 1 |  1.0
Fighting       | |  4.7
Polearms       | |  4.7
Throwing       | |  2.8
Armour         | |  2.8
Dodging        | |  4.7
Translocations | |  5.5

Action                   |  1- 3 |  4- 6 || total
-------------------------+-------+-------++-------
Melee: Spear             |    78 |       ||    78
       Bite              |    11 |    14 ||    25
       Whip              |    51 |   112 ||   163
       Punch             |     1 |     3 ||     4
 Stab: Sleeping          |     2 |       ||     2
Armor: Leather armour    |    36 |     1 ||    37
       Scale mail        |       |    44 ||    44
Dodge: Dodged            |    77 |    48 ||   125
